COLUMBUS Blue Jackets vs ARIZONA Coyotes

Created - 5 février 2019 at 16:12

Goals
1 2 3 T
COLUMBUS Blue Jackets 3 1 0 4
ARIZONA Coyotes 1 1 0 2
Shots
1 2 3 T
COLUMBUS Blue Jackets 10 8 8 26
ARIZONA Coyotes 15 16 15 46

1st period

1. COLUMBUS Blue Jackets , Michael Frolik 17 (Joel Edmundson 32, Zdeno Chara 20) at 0:08
2. ARIZONA Coyotes , Sam Reinhart 13 (Deryk Engelland 11, Mikko Koivu 11) at 4:07 (PP)
3. COLUMBUS Blue Jackets , Calvin de Haan 1 (Alex Killorn 15, Artturi Lehkonen 13) at 11:52 (PP)
4. COLUMBUS Blue Jackets , Calvin de Haan 2 (Andre Burakovsky 12, Olli Maatta 10) at 14:01 (PP)

Penalties :
Alex Killorn (CLB) for Interference (Minor) at 2:47, Nicklas Backstrom (ARI) for Hooking (Minor) at 10:51, Travis Konecny (ARI) for Tripping (Minor) at 12:37

2nd period

5. ARIZONA Coyotes , Mark Scheifele 26 (Auston Matthews 28, Justin Schultz 26) at 6:59 (PP)
6. COLUMBUS Blue Jackets , Andre Burakovsky 12 (Alex Killorn 16, Olli Maatta 11) at 14:41

Penalties :
Casey Cizikas (CLB) for Goalie Interference (Minor) at 3:45, Calvin de Haan (CLB) for Cross-checking (Minor) at 5:55

3rd period

No Goal

Penalties :
Jake Dotchin (CLB) for Roughing (Minor) at 4:44, Michael Frolik (CLB) for Interference (Minor) at 13:08

Goalie Stats

Mike Smith (CLB), 44 saves from 46 shots - (0,957), W, 23-17-7, 60:00 minutes
Andrei Vasilevskiy (ARI), 22 saves from 26 shots - (0,846), L, 29-19-2, 60:00 minutes

Players Stats for COLUMBUS Blue Jackets

Player Name              G  A  P  +/- PIM S  H  SB GA TA FO     MP     PP MP  PK MP  
------------------------------------------------------------------------------------
Alex Killorn             0  2  2   1  2   2  1  1  0  0  1/1    16:38   0:37   2:29 
Andre Burakovsky         1  1  2   1  0   3  0  0  0  0  0/2    14:20   0:37   0:10 
Artturi Lehkonen         0  1  1   0  0   1  0  0  0  0  0/1    13:59   0:37   1:42 
Calvin de Haan           2  0  2   0  2   5  1  1  0  0  0/0    16:09   0:37   0:00 
Casey Cizikas            0  0  0   1  2   0  1  0  0  0  12/25  17:52   0:00   4:20 
Gabriel Bourque          0  0  0   0  0   0  0  0  0  0  0/0     6:59   0:00   0:00 
Jake Dotchin             0  0  0   1  2   0  2  1  0  0  0/0    16:09   0:00   0:29 
Joel Edmundson           0  1  1   1  0   2  2  1  0  0  0/0    23:56   1:48   4:08 
Jori Lehtera             0  0  0   0  0   3  1  0  0  0  5/10   11:50   0:00   0:10 
Loui Eriksson            0  0  0   1  0   2  2  0  0  0  0/1    23:07   1:48   4:17 
Matt Benning             0  0  0   0  0   0  1  0  0  0  0/0    19:17   0:00   3:44 
Michael Frolik           1  0  1   1  2   2  0  1  0  0  1/1    18:26   0:00   1:25 
Olli Maatta              0  2  2   1  0   2  0  2  0  0  0/0    20:42   0:37   4:24 
Richard Panik            0  0  0   0  0   1  0  0  0  0  1/1    13:28   1:48   0:00 
Trevor Lewis             0  0  0   0  0   1  0  0  0  0  2/10    6:59   0:00   0:00 
Valtteri Filppula        0  0  0   1  0   0  1  0  0  0  16/26  18:50   1:48   0:00 
Zdeno Chara              0  1  1   1  0   2  0  3  0  0  0/0    23:45   1:48   3:57 
Zemgus Girgensons        0  0  0   0  0   0  2  0  0  0  2/5     9:08   0:00   2:09 

Players Stats for ARIZONA Coyotes

Player Name              G  A  P  +/- PIM S  H  SB GA TA FO     MP     PP MP  PK MP  
------------------------------------------------------------------------------------
Alex Goligoski           0  0  0  -1  0   2  1  3  0  0  0/0    24:29   4:43   2:01 
Andrew Copp              0  0  0   0  0   0  2  0  0  0  5/8     9:17   0:00   0:00 
Auston Matthews          0  1  1  -1  0   8  1  0  0  0  10/22  20:06   4:39   0:44 
Deryk Engelland          0  1  1   0  0   2  0  0  0  0  0/0    19:20   3:38   0:24 
Erik Johnson             0  0  0  -1  0   1  1  0  0  0  0/0    24:29   4:43   2:01 
Ian Cole                 0  0  0   0  0   0  1  1  0  0  0/0    15:18   0:00   0:00 
Justin Schultz           0  1  1  -1  0   1  0  2  0  0  0/0    20:13   3:38   0:24 
Mark Scheifele           1  0  1  -1  0   6  0  1  0  0  3/8    21:03   4:39   1:41 
Mikko Koivu              0  1  1   0  0   2  1  0  0  0  7/9    15:27   3:42   0:44 
Nicklas Backstrom        0  0  0  -1  2   4  0  0  0  0  14/26  18:34   3:42   0:40 
Nikita Zaitsev           0  0  0  -1  0   1  3  3  0  0  0/0    16:11   0:00   0:00 
Ondrej Kase              0  0  0   0  0   1  1  0  0  0  3/3    11:01   0:00   0:00 
Ryan Donato              0  0  0   0  0   3  0  0  0  0  0/0    11:01   0:00   0:00 
Ryan Hartman             0  0  0   0  0   1  1  0  0  0  0/1     9:17   0:00   0:00 
Ryan Nugent-Hopkins      0  0  0  -1  0   7  0  0  0  0  0/0    20:23   4:39   1:01 
Sam Bennett              0  0  0   0  0   0  1  0  0  0  0/0     9:17   0:00   0:00 
Sam Reinhart             1  0  1  -1  0   2  0  0  0  0  0/1    17:55   3:42   0:00 
Travis Konecny           0  0  0  -1  2   5  2  0  0  0  1/5    14:12   0:00   0:00 

3 Stars

1 - Mike Smith (CLB)
2 - Calvin de Haan (CLB)
3 - Andre Burakovsky (CLB)

Power Play

COLUMBUS Blue Jackets - 2 on 2 Attempt(s) - 100,00%
ARIZONA Coyotes - 2 on 5 Attempt(s) - 40,00%

Penalty Kill

COLUMBUS Blue Jackets - 3 on 5 Attempt(s) - 60,00% - Score 0 goal in Penalty Kill
ARIZONA Coyotes - 0 on 2 Attempt(s) - 0,00% - Score 0 goal in Penalty Kill

Team Stat

COLUMBUS Blue Jackets - Hits : 14 - Faceoff Wins : 40 - Blocked Shots : 10 - Penalty Minutes : 10
ARIZONA Coyotes - Hits : 15 - Faceoff Wins : 43 - Blocked Shots : 10 - Penalty Minutes : 4

Official

Referees : Unknown
Linesman : Unknown

Game Notes

No Game Note

Finance

Level 1 -- Attendance: 6696 (95,66%) -- Ticket Income 629 424 $
Level 2 -- Attendance: 5327 (88,78%) -- Ticket Income 287 658 $
Level 3 -- Attendance: 2621 (65,53%) -- Ticket Income 62 904 $
Level 4 -- Attendance: 4628 (77,13%) -- Ticket Income 64 792 $
Luxury Box -- Attendance: 1000 (100,00%) -- Ticket Income 154 000 $
Game was played at the Gila River Arena.
Total Attendance: 20272 (84,47%)
Total Ticket Income: 1 198 778 $
Other Income: 467 523 $
Total Income: 1 666 301 $

COLUMBUS Blue Jackets

5 vs 5 Forward 
   Center                   Left Wing                Right Wing               Time % Phy DF OF 
 1 Valtteri Filppula        Loui Eriksson            Michael Frolik           40     0   1  4  
 2 Casey Cizikas            Andre Burakovsky         Alex Killorn             30     1   1  3  
 3 Jori Lehtera             Artturi Lehkonen         Richard Panik            20     0   2  3  
 4 Trevor Lewis             Zemgus Girgensons        Gabriel Bourque          10     1   3  1  

5 vs 5 Defense 
   Defense                  Defense                                           Time % Phy DF OF 
 1 Zdeno Chara              Joel Edmundson                                    40     0   2  3  
 2 Olli Maatta              Jake Dotchin                                      30     0   4  1  
 3 Calvin de Haan           Matt Benning                                      20     0   4  1  
 4 Zdeno Chara              Joel Edmundson                                    10     0   4  1  

PowerPlay Forward 
   Center                   Left Wing                Right Wing               Time % Phy DF OF 
 1 Valtteri Filppula        Loui Eriksson            Richard Panik            60     1   1  3  
 2 Andre Burakovsky         Artturi Lehkonen         Alex Killorn             40     1   1  3  

PowerPlay Defense
   Defense                  Defense                                           Time % Phy DF OF 
 1 Zdeno Chara              Joel Edmundson                                    60     1   1  3  
 2 Olli Maatta              Calvin de Haan                                    40     1   1  3  

Penalty Kill 4 Players Forward 
   Center                   Wing                     Time % Phy DF OF 
 1 Casey Cizikas            Loui Eriksson            60     0   4  1  
 2 Michael Frolik           Alex Killorn             40     0   4  1  

Penalty Kill 4 Players Defense
   Defense                  Defense                  Time % Phy DF OF 
 1 Olli Maatta              Joel Edmundson           60     2   3  0  
 2 Zdeno Chara              Matt Benning             40     2   3  0  

Penalty Kill - 3 Players Forward 
   Forward                                           Time % Phy DF OF 
 1 Casey Cizikas                                     60     0   5  0  
 2 Loui Eriksson                                     40     0   5  0  

Penalty Kill - 3 Players Defense
   Defense                  Defense                  Time % Phy DF OF 
 1 Calvin de Haan           Zdeno Chara              60     1   4  0  
 2 Joel Edmundson           Olli Maatta              40     1   4  0  

4 vs 4 Forward 
   Center                   Wing                     Time % Phy DF OF 
 1 Valtteri Filppula        Michael Frolik           60     0   3  2  
 2 Trevor Lewis             Artturi Lehkonen         40     0   3  2  

4 vs 4 Defense
   Defense                  Defense                  Time % Phy DF OF 
 1 Zdeno Chara              Olli Maatta              60     0   3  2  
 2 Joel Edmundson           Calvin de Haan           40     0   3  2  

Last Minutes Offensive
   Center                   Left Wing                Right Wing               Defense                  Defense                  
   Valtteri Filppula        Andre Burakovsky         Richard Panik            Zdeno Chara              Joel Edmundson           

Last Minutes Defensive
   Center                   Left Wing                Right Wing               Defense                  Defense                  
   Casey Cizikas            Loui Eriksson            Alex Killorn             Zdeno Chara              Joel Edmundson           

Goaltenders
Starting : Mike Smith               
Backup : Jonathan Bernier         

Extra Forwards
Normal : Trevor Lewis, Artturi Lehkonen, Zemgus Girgensons - PP : Trevor Lewis, Artturi Lehkonen - PK : Alex Killorn
Extra Defensemen
Normal : Zdeno Chara, Matt Benning, Olli Maatta - PP : Joel Edmundson - PK : Zdeno Chara, Olli Maatta
Penalty Shots
Michael Frolik, Artturi Lehkonen, Loui Eriksson, Alex Killorn, Trevor Lewis

ARIZONA Coyotes

5 vs 5 Forward 
   Center                   Left Wing                Right Wing               Time % Phy DF OF 
 1 Auston Matthews          Ryan Nugent-Hopkins      Mark Scheifele           33     0   0  5  
 2 Nicklas Backstrom        Travis Konecny           Sam Reinhart             32     1   1  3  
 3 Mikko Koivu              Ryan Donato              Ondrej Kase              25     1   1  3  
 4 Andrew Copp              Ryan Hartman             Sam Bennett              10     1   2  2  

5 vs 5 Defense 
   Defense                  Defense                                           Time % Phy DF OF 
 1 Erik Johnson             Alex Goligoski                                    40     1   2  2  
 2 Ian Cole                 Deryk Engelland                                   30     1   2  2  
 3 Nikita Zaitsev           Justin Schultz                                    20     1   2  2  
 4 Nikita Zaitsev           Justin Schultz                                    10     1   2  2  

PowerPlay Forward 
   Center                   Left Wing                Right Wing               Time % Phy DF OF 
 1 Mark Scheifele           Auston Matthews          Ryan Nugent-Hopkins      60     1   2  2  
 2 Nicklas Backstrom        Mikko Koivu              Sam Reinhart             40     1   2  2  

PowerPlay Defense
   Defense                  Defense                                           Time % Phy DF OF 
 1 Erik Johnson             Alex Goligoski                                    60     1   2  2  
 2 Justin Schultz           Deryk Engelland                                   40     1   2  2  

Penalty Kill 4 Players Forward 
   Center                   Wing                     Time % Phy DF OF 
 1 Mark Scheifele           Nicklas Backstrom        60     1   2  2  
 2 Auston Matthews          Mikko Koivu              40     1   2  2  

Penalty Kill 4 Players Defense
   Defense                  Defense                  Time % Phy DF OF 
 1 Erik Johnson             Alex Goligoski           60     1   2  2  
 2 Justin Schultz           Deryk Engelland          40     1   2  2  

Penalty Kill - 3 Players Forward 
   Forward                                           Time % Phy DF OF 
 1 Mark Scheifele                                    60     1   2  2  
 2 Nicklas Backstrom                                 40     1   2  2  

Penalty Kill - 3 Players Defense
   Defense                  Defense                  Time % Phy DF OF 
 1 Erik Johnson             Alex Goligoski           60     1   2  2  
 2 Justin Schultz           Deryk Engelland          40     1   2  2  

4 vs 4 Forward 
   Center                   Wing                     Time % Phy DF OF 
 1 Mark Scheifele           Nicklas Backstrom        60     1   2  2  
 2 Auston Matthews          Mikko Koivu              40     1   2  2  

4 vs 4 Defense
   Defense                  Defense                  Time % Phy DF OF 
 1 Erik Johnson             Alex Goligoski           60     1   2  2  
 2 Justin Schultz           Deryk Engelland          40     1   2  2  

Last Minutes Offensive
   Center                   Left Wing                Right Wing               Defense                  Defense                  
   Mark Scheifele           Ryan Nugent-Hopkins      Sam Bennett              Erik Johnson             Alex Goligoski           

Last Minutes Defensive
   Center                   Left Wing                Right Wing               Defense                  Defense                  
   Mark Scheifele           Ryan Nugent-Hopkins      Sam Bennett              Erik Johnson             Alex Goligoski           

Goaltenders
Starting : Andrei Vasilevskiy       
Backup : Marc-Andre Fleury        

Extra Forwards
Normal : Travis Konecny, Ryan Hartman, Andrew Copp - PP : Travis Konecny, Ryan Hartman - PK : Andrew Copp
Extra Defensemen
Normal : Erik Johnson, Justin Schultz, Alex Goligoski - PP : Alex Goligoski - PK : Justin Schultz, Erik Johnson
Penalty Shots
Mark Scheifele, Nicklas Backstrom, Auston Matthews, Mikko Koivu, Ryan Nugent-Hopkins


% Time on Ice - COLUMBUS Blue Jackets

Lines # - Real PCT - Wanted PCT - Time Play
Normal Forward
1 - 35% - 40% - 17:02
2 - 28% - 30% - 13:33
3 - 24% - 20% - 11:40
4 - 14% - 10% - 6:59
Normal Defense
1 - 34% - 40% - 16:31
2 - 32% - 30% - 15:41
3 - 32% - 20% - 15:33
4 - 3% - 10% - 1:29
PP Forward
1 - 74% - 60% - 1:48
2 - 26% - 40% - 0:37
PP Defense
1 - 74% - 60% - 1:48
2 - 26% - 40% - 0:37
PK Forward
1 - 76% - 60% - 6:19
2 - 24% - 40% - 2:02
PK Defense
1 - 55% - 60% - 4:37
2 - 45% - 40% - 3:44
PK3 Forward
1 - 0% - 60%
2 - 0% - 40%
PK3 Defense
1 - 0% - 60%
2 - 0% - 40%
44 Forward
1 - 0% - 60%
2 - 0% - 40%
44 Defense
1 - 0% - 60%
2 - 0% - 40%
Last Minute Offensive  - 0:00
Last Minute Defensive  - 0:00
Total
Forward - 60:00
Defense - 60:00

% Time on Ice - ARIZONA Coyotes

Lines # - Real PCT - Wanted PCT - Time Play
Normal Forward
1 - 30% - 33% - 14:43
2 - 29% - 32% - 14:13
3 - 22% - 25% - 11:01
4 - 19% - 10% - 9:17
Normal Defense
1 - 36% - 40% - 17:45
2 - 31% - 30% - 15:18
3 - 21% - 20% - 10:28
4 - 12% - 10% - 5:43
PP Forward
1 - 56% - 60% - 4:39
2 - 44% - 40% - 3:42
PP Defense
1 - 56% - 60% - 4:43
2 - 44% - 40% - 3:38
PK Forward
1 - 70% - 60% - 1:41
2 - 30% - 40% - 0:44
PK Defense
1 - 83% - 60% - 2:01
2 - 17% - 40% - 0:24
PK3 Forward
1 - 0% - 60%
2 - 0% - 40%
PK3 Defense
1 - 0% - 60%
2 - 0% - 40%
44 Forward
1 - 0% - 60%
2 - 0% - 40%
44 Defense
1 - 0% - 60%
2 - 0% - 40%
Last Minute Offensive  - 0:00
Last Minute Defensive  - 0:00
Total
Forward - 60:00
Defense - 60:00

Play-by-Play

1st period


0:01 of 1st period - Valtteri Filppula wins face-off versus Auston Matthews in neutral zone.
0:08 of 1st period - Shot by Michael Frolik.
0:08 of 1st period - Goal by Michael Frolik - COLUMBUS Blue Jackets : 1 - ARIZONA Coyotes : 0.
0:09 of 1st period - Casey Cizikas wins face-off versus Travis Konecny in neutral zone.
0:15 of 1st period - Icing by Nicklas Backstrom.
0:16 of 1st period - Jori Lehtera wins face-off versus Travis Konecny in ARIZONA Coyotes zone.
0:16 of 1st period - Artturi Lehkonen is hit by Ian Cole and loses puck.
0:27 of 1st period - Shot by Sam Reinhart.
0:27 of 1st period - Stopped by Mike Smith without a rebound.
0:28 of 1st period - Ondrej Kase wins face-off versus Trevor Lewis in COLUMBUS Blue Jackets zone.
1:00 of 1st period - Zdeno Chara is hit by Mikko Koivu and loses puck.
1:28 of 1st period - Shot by Ryan Nugent-Hopkins.
1:28 of 1st period - Deflect By Mark Scheifele.
1:28 of 1st period - Shot Misses the Net.
1:30 of 1st period - Shot by Ryan Nugent-Hopkins.
1:30 of 1st period - Deflect By Auston Matthews.
1:30 of 1st period - Shot Misses the Net.
1:38 of 1st period - Shot by Ryan Nugent-Hopkins.
1:38 of 1st period - Shot Misses the Net.
1:56 of 1st period - Shot by Auston Matthews.
1:56 of 1st period - Stopped by Mike Smith without a rebound.
1:57 of 1st period - Valtteri Filppula wins face-off versus Nicklas Backstrom in COLUMBUS Blue Jackets zone.
2:28 of 1st period - Shot by Michael Frolik.
2:28 of 1st period - Stopped by Andrei Vasilevskiy without a rebound.
2:29 of 1st period - Casey Cizikas wins face-off versus Ryan Hartman in ARIZONA Coyotes zone.
2:40 of 1st period - Shot by Andre Burakovsky.
2:40 of 1st period - Shot Misses the Net.
2:47 of 1st period - Minor Penalty to Alex Killorn for Interference.
2:48 of 1st period - Casey Cizikas wins face-off versus Mark Scheifele in COLUMBUS Blue Jackets zone.
2:53 of 1st period - Loui Eriksson is hit by Auston Matthews.
3:25 of 1st period - Shot by Erik Johnson.
3:25 of 1st period - Shot Hit the Post.
4:05 of 1st period - Shot by Deryk Engelland.
4:05 of 1st period - Shot Misses the Net.
4:07 of 1st period - Shot by Sam Reinhart.
4:07 of 1st period - Goal by Sam Reinhart - COLUMBUS Blue Jackets : 1 - ARIZONA Coyotes : 1.
4:08 of 1st period - Andrew Copp wins face-off versus Zemgus Girgensons in neutral zone.
4:18 of 1st period - Shot by Calvin de Haan.
4:18 of 1st period - Stopped by Andrei Vasilevskiy without a rebound.
4:19 of 1st period - Nicklas Backstrom wins face-off versus Jori Lehtera in ARIZONA Coyotes zone.
4:30 of 1st period - Shot by Jori Lehtera.
4:30 of 1st period - Shot Misses the Net.
4:50 of 1st period - Shot by Artturi Lehkonen.
4:50 of 1st period - Shot Misses the Net.
4:52 of 1st period - Shot by Richard Panik.
4:52 of 1st period - Stopped by Andrei Vasilevskiy with a rebound.
6:18 of 1st period - Shot by Ondrej Kase.
6:18 of 1st period - Shot Misses the Net.
6:20 of 1st period - Shot by Ondrej Kase.
6:20 of 1st period - Stopped by Mike Smith without a rebound.
6:21 of 1st period - Casey Cizikas wins face-off versus Andrew Copp in COLUMBUS Blue Jackets zone.
6:21 of 1st period - Casey Cizikas is hit by Ryan Hartman.
6:31 of 1st period - Shot by Calvin de Haan.
6:31 of 1st period - Stopped by Andrei Vasilevskiy without a rebound.
6:32 of 1st period - Mikko Koivu wins face-off versus Casey Cizikas in ARIZONA Coyotes zone.
6:45 of 1st period - Shot by Mikko Koivu.
6:45 of 1st period - Stopped by Mike Smith with a rebound.
6:47 of 1st period - Shot by Nikita Zaitsev.
6:47 of 1st period - Shot Misses the Net.
7:21 of 1st period - Icing by Casey Cizikas.
7:22 of 1st period - Casey Cizikas wins face-off versus Auston Matthews in COLUMBUS Blue Jackets zone.
7:39 of 1st period - Shot by Ryan Nugent-Hopkins.
7:39 of 1st period - Stopped by Mike Smith with a rebound.
8:01 of 1st period - Erik Johnson is hit by Valtteri Filppula and loses puck.
8:44 of 1st period - Shot by Sam Reinhart.
8:44 of 1st period - Shot Misses the Net.
9:29 of 1st period - Shot by Ryan Hartman.
9:29 of 1st period - Stopped by Mike Smith with a rebound.
10:13 of 1st period - Shot by Alex Killorn.
10:13 of 1st period - Shot Blocked by Nikita Zaitsev.
10:15 of 1st period - Shot by Casey Cizikas.
10:15 of 1st period - Shot Misses the Net.
10:27 of 1st period - Shot by Alex Killorn.
10:27 of 1st period - Stopped by Andrei Vasilevskiy without a rebound.
10:28 of 1st period - Valtteri Filppula wins face-off versus Auston Matthews in ARIZONA Coyotes zone.
10:38 of 1st period - Shot by Auston Matthews.
10:38 of 1st period - Stopped by Mike Smith with a rebound.
10:42 of 1st period - Shot by Auston Matthews.
10:42 of 1st period - Stopped by Mike Smith with a rebound.
10:46 of 1st period - Shot by Mark Scheifele.
10:46 of 1st period - Stopped by Mike Smith without a rebound.
10:47 of 1st period - Richard Panik wins face-off versus Sam Reinhart in COLUMBUS Blue Jackets zone.
10:51 of 1st period - Minor Penalty to Nicklas Backstrom for Hooking.
10:52 of 1st period - Mark Scheifele wins face-off versus Valtteri Filppula in ARIZONA Coyotes zone.
11:22 of 1st period - Shot by Richard Panik.
11:22 of 1st period - Shot Blocked by Mark Scheifele.
11:24 of 1st period - Shot by Zdeno Chara.
11:24 of 1st period - Shot Misses the Net.
11:26 of 1st period - Shot by Zdeno Chara.
11:26 of 1st period - Stopped by Andrei Vasilevskiy with a rebound.
11:28 of 1st period - Shot by Valtteri Filppula.
11:28 of 1st period - Shot Blocked by Alex Goligoski.
11:30 of 1st period - Shot by Valtteri Filppula.
11:30 of 1st period - Shot Misses the Net.
11:32 of 1st period - Shot by Richard Panik.
11:32 of 1st period - Shot Blocked by Alex Goligoski.
11:34 of 1st period - Shot by Joel Edmundson.
11:34 of 1st period - Shot Misses the Net.
11:52 of 1st period - Shot by Calvin de Haan.
11:52 of 1st period - Goal by Calvin de Haan - COLUMBUS Blue Jackets : 2 - ARIZONA Coyotes : 1.
11:53 of 1st period - Nicklas Backstrom wins face-off versus Trevor Lewis in neutral zone.
12:04 of 1st period - Shot by Travis Konecny.
12:04 of 1st period - Stopped by Mike Smith without a rebound.
12:05 of 1st period - Ondrej Kase wins face-off versus Andre Burakovsky in COLUMBUS Blue Jackets zone.
12:28 of 1st period - Shot by Ryan Donato.
12:28 of 1st period - Stopped by Mike Smith without a rebound.
12:29 of 1st period - Valtteri Filppula wins face-off versus Nicklas Backstrom in COLUMBUS Blue Jackets zone.
12:37 of 1st period - Minor Penalty to Travis Konecny for Tripping.
12:38 of 1st period - Valtteri Filppula wins face-off versus Mark Scheifele in ARIZONA Coyotes zone.
13:07 of 1st period - Shot by Valtteri Filppula.
13:07 of 1st period - Deflect By Richard Panik.
13:07 of 1st period - Shot Blocked by Justin Schultz.
13:46 of 1st period - Alex Goligoski is hit by Alex Killorn and loses puck.
13:57 of 1st period - Shot by Alex Killorn.
13:57 of 1st period - Shot Misses the Net.
13:59 of 1st period - Shot by Olli Maatta.
13:59 of 1st period - Deflect By Andre Burakovsky.
13:59 of 1st period - Shot Misses the Net.
14:01 of 1st period - Shot by Calvin de Haan.
14:01 of 1st period - Goal by Calvin de Haan - COLUMBUS Blue Jackets : 3 - ARIZONA Coyotes : 1.
14:02 of 1st period - Andrew Copp wins face-off versus Trevor Lewis in neutral zone.
14:02 of 1st period - Andrew Copp is hit by Zemgus Girgensons.
14:06 of 1st period - Shot by Deryk Engelland.
14:06 of 1st period - Shot Blocked by Jake Dotchin.
14:24 of 1st period - Shot by Zemgus Girgensons.
14:24 of 1st period - Shot Misses the Net.
14:26 of 1st period - Shot by Gabriel Bourque.
14:26 of 1st period - Shot Misses the Net.
14:28 of 1st period - Shot by Zemgus Girgensons.
14:28 of 1st period - Shot Hit the Post.
14:30 of 1st period - Shot by Olli Maatta.
14:30 of 1st period - Shot Misses the Net.
14:32 of 1st period - Shot by Olli Maatta.
14:32 of 1st period - Shot Blocked by Ian Cole.
14:57 of 1st period - Icing by Andrew Copp.
14:58 of 1st period - Michael Frolik wins face-off versus Andrew Copp in ARIZONA Coyotes zone.
16:14 of 1st period - Icing by Erik Johnson.
16:15 of 1st period - Casey Cizikas wins face-off versus Auston Matthews in ARIZONA Coyotes zone.
16:15 of 1st period - Olli Maatta is hit by Erik Johnson and loses puck.
16:38 of 1st period - Shot by Nicklas Backstrom.
16:38 of 1st period - Shot Blocked by Olli Maatta.
16:40 of 1st period - Shot by Justin Schultz.
16:40 of 1st period - Stopped by Mike Smith without a rebound.
16:41 of 1st period - Jori Lehtera wins face-off versus Mikko Koivu in COLUMBUS Blue Jackets zone.
17:02 of 1st period - Shot by Mikko Koivu.
17:02 of 1st period - Shot Blocked by Calvin de Haan.
18:45 of 1st period - Shot by Valtteri Filppula.
18:45 of 1st period - Deflect By Loui Eriksson.
18:45 of 1st period - Shot Hit the Post.
18:57 of 1st period - Shot by Valtteri Filppula.
18:57 of 1st period - Shot Misses the Net.
19:16 of 1st period - Off-side.
19:17 of 1st period - Jori Lehtera wins face-off versus Travis Konecny in neutral zone.
19:22 of 1st period - Shot by Jori Lehtera.
19:22 of 1st period - Stopped by Andrei Vasilevskiy without a rebound.
19:23 of 1st period - Nicklas Backstrom wins face-off versus Casey Cizikas in ARIZONA Coyotes zone.
19:28 of 1st period - Shot by Erik Johnson.
19:28 of 1st period - Shot Misses the Net.
19:35 of 1st period - Nicklas Backstrom is hit by Calvin de Haan and loses puck.
19:44 of 1st period - Shot by Sam Reinhart.
19:44 of 1st period - Shot Misses the Net.
19:46 of 1st period - Shot by Nicklas Backstrom.
19:46 of 1st period - Stopped by Mike Smith without a rebound.
19:47 of 1st period - Auston Matthews wins face-off versus Valtteri Filppula in COLUMBUS Blue Jackets zone.
19:50 of 1st period - Shot by Nikita Zaitsev.
19:50 of 1st period - Stopped by Mike Smith with a rebound.
19:54 of 1st period - Shot by Mark Scheifele.
19:54 of 1st period - Shot Blocked by Zdeno Chara.
Goals for this period are 3 for COLUMBUS Blue Jackets vs 1 for ARIZONA Coyotes.
Shots for this period are 10 for COLUMBUS Blue Jackets vs 15 for ARIZONA Coyotes.

2nd period


0:01 of 2nd period - Valtteri Filppula wins face-off versus Nicklas Backstrom in neutral zone.
0:03 of 2nd period - Off-side.
0:04 of 2nd period - Valtteri Filppula wins face-off versus Nicklas Backstrom in neutral zone.
0:16 of 2nd period - Shot by Loui Eriksson.
0:16 of 2nd period - Stopped by Andrei Vasilevskiy without a rebound.
0:17 of 2nd period - Auston Matthews wins face-off versus Casey Cizikas in ARIZONA Coyotes zone.
0:24 of 2nd period - Ryan Nugent-Hopkins is hit by Jake Dotchin and loses puck.
0:27 of 2nd period - Shot by Ryan Nugent-Hopkins.
0:27 of 2nd period - Shot Misses the Net.
0:29 of 2nd period - Shot by Mark Scheifele.
0:29 of 2nd period - Shot Misses the Net.
0:31 of 2nd period - Shot by Auston Matthews.
0:31 of 2nd period - Stopped by Mike Smith without a rebound.
0:32 of 2nd period - Nicklas Backstrom wins face-off versus Valtteri Filppula in COLUMBUS Blue Jackets zone.
2:06 of 2nd period - Shot by Casey Cizikas.
2:06 of 2nd period - Shot Misses the Net.
2:24 of 2nd period - Shot by Richard Panik.
2:24 of 2nd period - Shot Blocked by Justin Schultz.
2:37 of 2nd period - Off-side.
2:38 of 2nd period - Mikko Koivu wins face-off versus Trevor Lewis in neutral zone.
2:43 of 2nd period - Shot by Ondrej Kase.
2:43 of 2nd period - Shot Misses the Net.
2:51 of 2nd period - Shot by Zemgus Girgensons.
2:51 of 2nd period - Deflect By Trevor Lewis.
2:51 of 2nd period - Shot Misses the Net.
2:53 of 2nd period - Shot by Zdeno Chara.
2:53 of 2nd period - Stopped by Andrei Vasilevskiy without a rebound.
2:54 of 2nd period - Andrew Copp wins face-off versus Valtteri Filppula in ARIZONA Coyotes zone.
3:13 of 2nd period - Loui Eriksson is hit by Sam Bennett and loses puck.
3:45 of 2nd period - Minor Penalty to Casey Cizikas for Goalie Interference.
3:46 of 2nd period - Alex Killorn wins face-off versus Mark Scheifele in COLUMBUS Blue Jackets zone.
3:51 of 2nd period - Shot by Alex Goligoski.
3:51 of 2nd period - Shot Misses the Net.
3:55 of 2nd period - Shot by Mark Scheifele.
3:55 of 2nd period - Shot Misses the Net.
3:57 of 2nd period - Shot by Erik Johnson.
3:57 of 2nd period - Shot Misses the Net.
3:59 of 2nd period - Shot by Alex Goligoski.
3:59 of 2nd period - Stopped by Mike Smith with a rebound.
4:01 of 2nd period - Shot by Erik Johnson.
4:01 of 2nd period - Shot Hit the Post.
4:03 of 2nd period - Shot by Mark Scheifele.
4:03 of 2nd period - Shot Misses the Net.
4:52 of 2nd period - Sam Reinhart is hit by Zemgus Girgensons and loses puck.
5:13 of 2nd period - Shot by Justin Schultz.
5:13 of 2nd period - Shot Blocked by Zdeno Chara.
5:55 of 2nd period - Minor Penalty to Calvin de Haan for Cross-checking.
5:56 of 2nd period - Casey Cizikas wins face-off versus Nicklas Backstrom in COLUMBUS Blue Jackets zone.
6:57 of 2nd period - Shot by Mark Scheifele.
6:57 of 2nd period - Shot Blocked by Zdeno Chara.
6:59 of 2nd period - Shot by Mark Scheifele.
6:59 of 2nd period - Goal by Mark Scheifele - COLUMBUS Blue Jackets : 3 - ARIZONA Coyotes : 2.
7:00 of 2nd period - Andrew Copp wins face-off versus Valtteri Filppula in neutral zone.
7:34 of 2nd period - Off-side.
7:35 of 2nd period - Jori Lehtera wins face-off versus Nicklas Backstrom in neutral zone.
7:53 of 2nd period - Shot by Nicklas Backstrom.
7:53 of 2nd period - Stopped by Mike Smith with a rebound.
8:30 of 2nd period - Shot by Ryan Nugent-Hopkins.
8:30 of 2nd period - Stopped by Mike Smith with a rebound.
8:32 of 2nd period - Shot by Ryan Nugent-Hopkins.
8:32 of 2nd period - Stopped by Mike Smith with a rebound.
8:34 of 2nd period - Shot by Auston Matthews.
8:34 of 2nd period - Stopped by Mike Smith without a rebound.
8:35 of 2nd period - Mikko Koivu wins face-off versus Casey Cizikas in COLUMBUS Blue Jackets zone.
9:00 of 2nd period - Andre Burakovsky is hit by Ondrej Kase and loses puck.
10:00 of 2nd period - Ryan Nugent-Hopkins is hit by Loui Eriksson and loses puck.
11:48 of 2nd period - Shot by Alex Goligoski.
11:48 of 2nd period - Stopped by Mike Smith without a rebound.
11:49 of 2nd period - Auston Matthews wins face-off versus Trevor Lewis in COLUMBUS Blue Jackets zone.
11:50 of 2nd period - Shot by Mark Scheifele.
11:50 of 2nd period - Stopped by Mike Smith without a rebound.
11:51 of 2nd period - Auston Matthews wins face-off versus Trevor Lewis in COLUMBUS Blue Jackets zone.
11:57 of 2nd period - Icing by Jake Dotchin.
11:58 of 2nd period - Trevor Lewis wins face-off versus Auston Matthews in COLUMBUS Blue Jackets zone.
12:12 of 2nd period - Shot by Ryan Nugent-Hopkins.
12:12 of 2nd period - Stopped by Mike Smith without a rebound.
12:13 of 2nd period - Valtteri Filppula wins face-off versus Nicklas Backstrom in COLUMBUS Blue Jackets zone.
12:13 of 2nd period - Valtteri Filppula is hit by Travis Konecny.
12:23 of 2nd period - Shot by Loui Eriksson.
12:23 of 2nd period - Shot Misses the Net.
12:26 of 2nd period - Valtteri Filppula is hit by Alex Goligoski and loses puck.
12:33 of 2nd period - Shot by Calvin de Haan.
12:33 of 2nd period - Stopped by Andrei Vasilevskiy without a rebound.
12:34 of 2nd period - Casey Cizikas wins face-off versus Auston Matthews in ARIZONA Coyotes zone.
13:06 of 2nd period - Off-side.
13:07 of 2nd period - Nicklas Backstrom wins face-off versus Loui Eriksson in neutral zone.
13:20 of 2nd period - Shot by Nicklas Backstrom.
13:20 of 2nd period - Stopped by Mike Smith with a rebound.
13:22 of 2nd period - Shot by Travis Konecny.
13:22 of 2nd period - Stopped by Mike Smith without a rebound.
13:23 of 2nd period - Ondrej Kase wins face-off versus Jori Lehtera in COLUMBUS Blue Jackets zone.
13:50 of 2nd period - Shot by Ondrej Kase.
13:50 of 2nd period - Shot Misses the Net.
14:02 of 2nd period - Shot by Artturi Lehkonen.
14:02 of 2nd period - Stopped by Andrei Vasilevskiy without a rebound.
14:03 of 2nd period - Valtteri Filppula wins face-off versus Auston Matthews in ARIZONA Coyotes zone.
14:21 of 2nd period - Off-side.
14:22 of 2nd period - Nicklas Backstrom wins face-off versus Casey Cizikas in neutral zone.
14:37 of 2nd period - Shot by Alex Killorn.
14:37 of 2nd period - Shot Misses the Net.
14:39 of 2nd period - Shot by Andre Burakovsky.
14:39 of 2nd period - Shot Misses the Net.
14:41 of 2nd period - Shot by Andre Burakovsky.
14:41 of 2nd period - Goal by Andre Burakovsky - COLUMBUS Blue Jackets : 4 - ARIZONA Coyotes : 2.
14:42 of 2nd period - Auston Matthews wins face-off versus Valtteri Filppula in neutral zone.
14:51 of 2nd period - Shot by Mark Scheifele.
14:51 of 2nd period - Shot Misses the Net.
14:53 of 2nd period - Shot by Ryan Nugent-Hopkins.
14:53 of 2nd period - Stopped by Mike Smith without a rebound.
14:54 of 2nd period - Casey Cizikas wins face-off versus Travis Konecny in COLUMBUS Blue Jackets zone.
14:54 of 2nd period - Casey Cizikas is hit by Travis Konecny.
15:23 of 2nd period - Icing by Erik Johnson.
15:24 of 2nd period - Valtteri Filppula wins face-off versus Nicklas Backstrom in ARIZONA Coyotes zone.
15:35 of 2nd period - Icing by Joel Edmundson.
15:36 of 2nd period - Valtteri Filppula wins face-off versus Auston Matthews in COLUMBUS Blue Jackets zone.
15:53 of 2nd period - Shot by Joel Edmundson.
15:53 of 2nd period - Stopped by Andrei Vasilevskiy without a rebound.
15:54 of 2nd period - Mikko Koivu wins face-off versus Casey Cizikas in ARIZONA Coyotes zone.
16:09 of 2nd period - Shot by Ryan Donato.
16:09 of 2nd period - Stopped by Mike Smith without a rebound.
16:10 of 2nd period - Auston Matthews wins face-off versus Valtteri Filppula in COLUMBUS Blue Jackets zone.
16:42 of 2nd period - Ryan Nugent-Hopkins is hit by Joel Edmundson and loses puck.
17:13 of 2nd period - Shot by Travis Konecny.
17:13 of 2nd period - Stopped by Mike Smith without a rebound.
17:14 of 2nd period - Nicklas Backstrom wins face-off versus Jori Lehtera in COLUMBUS Blue Jackets zone.
17:24 of 2nd period - Sam Reinhart is hit by Matt Benning and loses puck.
18:04 of 2nd period - Nicklas Backstrom is hit by Casey Cizikas and loses puck.
18:19 of 2nd period - Shot by Andre Burakovsky.
18:19 of 2nd period - Stopped by Andrei Vasilevskiy without a rebound.
18:20 of 2nd period - Valtteri Filppula wins face-off versus Mikko Koivu in ARIZONA Coyotes zone.
18:53 of 2nd period - Shot by Joel Edmundson.
18:53 of 2nd period - Stopped by Andrei Vasilevskiy without a rebound.
18:54 of 2nd period - Casey Cizikas wins face-off versus Auston Matthews in ARIZONA Coyotes zone.
19:07 of 2nd period - Shot by Ryan Nugent-Hopkins.
19:07 of 2nd period - Stopped by Mike Smith without a rebound.
19:08 of 2nd period - Jori Lehtera wins face-off versus Andrew Copp in COLUMBUS Blue Jackets zone.
19:08 of 2nd period - Jori Lehtera is hit by Andrew Copp.
19:48 of 2nd period - Icing by Calvin de Haan.
19:49 of 2nd period - Auston Matthews wins face-off versus Artturi Lehkonen in COLUMBUS Blue Jackets zone.
Goals for this period are 1 for COLUMBUS Blue Jackets vs 1 for ARIZONA Coyotes.
Shots for this period are 8 for COLUMBUS Blue Jackets vs 16 for ARIZONA Coyotes.

3rd period


0:01 of 3rd period - Valtteri Filppula wins face-off versus Auston Matthews in neutral zone.
0:23 of 3rd period - Off-side.
0:24 of 3rd period - Casey Cizikas wins face-off versus Nicklas Backstrom in neutral zone.
0:36 of 3rd period - Nicklas Backstrom is hit by Jake Dotchin and loses puck.
1:59 of 3rd period - Icing by Alex Goligoski.
2:00 of 3rd period - Auston Matthews wins face-off versus Jori Lehtera in ARIZONA Coyotes zone.
2:00 of 3rd period - Auston Matthews is hit by Jori Lehtera.
2:58 of 3rd period - Shot by Deryk Engelland.
2:58 of 3rd period - Stopped by Mike Smith without a rebound.
2:59 of 3rd period - Nicklas Backstrom wins face-off versus Valtteri Filppula in COLUMBUS Blue Jackets zone.
3:02 of 3rd period - Shot by Travis Konecny.
3:02 of 3rd period - Stopped by Mike Smith without a rebound.
3:03 of 3rd period - Nicklas Backstrom wins face-off versus Valtteri Filppula in COLUMBUS Blue Jackets zone.
3:06 of 3rd period - Shot by Travis Konecny.
3:06 of 3rd period - Stopped by Mike Smith without a rebound.
3:07 of 3rd period - Valtteri Filppula wins face-off versus Nicklas Backstrom in COLUMBUS Blue Jackets zone.
3:30 of 3rd period - Shot by Loui Eriksson.
3:30 of 3rd period - Shot Misses the Net.
3:32 of 3rd period - Shot by Loui Eriksson.
3:32 of 3rd period - Shot Blocked by Nikita Zaitsev.
4:06 of 3rd period - Shot by Andre Burakovsky.
4:06 of 3rd period - Stopped by Andrei Vasilevskiy without a rebound.
4:07 of 3rd period - Trevor Lewis wins face-off versus Auston Matthews in ARIZONA Coyotes zone.
4:25 of 3rd period - Shot by Gabriel Bourque.
4:25 of 3rd period - Shot Misses the Net.
4:43 of 3rd period - Shot by Auston Matthews.
4:43 of 3rd period - Stopped by Mike Smith without a rebound.
4:44 of 3rd period - Mikko Koivu wins face-off versus Andre Burakovsky in COLUMBUS Blue Jackets zone.
4:44 of 3rd period - Minor Penalty to Jake Dotchin for Roughing.
4:45 of 3rd period - Nicklas Backstrom wins face-off versus Casey Cizikas in COLUMBUS Blue Jackets zone.
6:07 of 3rd period - Off-side.
6:08 of 3rd period - Nicklas Backstrom wins face-off versus Casey Cizikas in neutral zone.
6:36 of 3rd period - Shot by Justin Schultz.
6:36 of 3rd period - Shot Blocked by Alex Killorn.
6:52 of 3rd period - Olli Maatta is hit by Andrew Copp and loses puck.
7:07 of 3rd period - Shot by Jori Lehtera.
7:07 of 3rd period - Shot Blocked by Alex Goligoski.
7:15 of 3rd period - Shot by Olli Maatta.
7:15 of 3rd period - Stopped by Andrei Vasilevskiy with a rebound.
7:19 of 3rd period - Shot by Jori Lehtera.
7:19 of 3rd period - Stopped by Andrei Vasilevskiy without a rebound.
7:20 of 3rd period - Zemgus Girgensons wins face-off versus Auston Matthews in ARIZONA Coyotes zone.
7:31 of 3rd period - Shot by Trevor Lewis.
7:31 of 3rd period - Stopped by Andrei Vasilevskiy without a rebound.
7:32 of 3rd period - Mikko Koivu wins face-off versus Valtteri Filppula in ARIZONA Coyotes zone.
7:49 of 3rd period - Shot by Loui Eriksson.
7:49 of 3rd period - Stopped by Andrei Vasilevskiy without a rebound.
7:50 of 3rd period - Auston Matthews wins face-off versus Casey Cizikas in ARIZONA Coyotes zone.
8:16 of 3rd period - Shot by Alex Killorn.
8:16 of 3rd period - Stopped by Andrei Vasilevskiy without a rebound.
8:17 of 3rd period - Valtteri Filppula wins face-off versus Nicklas Backstrom in ARIZONA Coyotes zone.
9:23 of 3rd period - Shot by Ryan Donato.
9:23 of 3rd period - Stopped by Mike Smith with a rebound.
10:06 of 3rd period - Shot by Auston Matthews.
10:06 of 3rd period - Shot Blocked by Michael Frolik.
10:10 of 3rd period - Shot by Auston Matthews.
10:10 of 3rd period - Shot Misses the Net.
10:14 of 3rd period - Shot by Ryan Nugent-Hopkins.
10:14 of 3rd period - Stopped by Mike Smith without a rebound.
10:15 of 3rd period - Andrew Copp wins face-off versus Casey Cizikas in COLUMBUS Blue Jackets zone.
10:27 of 3rd period - Off-side.
10:28 of 3rd period - Auston Matthews wins face-off versus Jori Lehtera in neutral zone.
10:49 of 3rd period - Shot by Mark Scheifele.
10:49 of 3rd period - Shot Misses the Net.
10:58 of 3rd period - Shot by Jori Lehtera.
10:58 of 3rd period - Stopped by Andrei Vasilevskiy with a rebound.
11:00 of 3rd period - Shot by Artturi Lehkonen.
11:00 of 3rd period - Shot Misses the Net.
11:02 of 3rd period - Shot by Olli Maatta.
11:02 of 3rd period - Stopped by Andrei Vasilevskiy without a rebound.
11:03 of 3rd period - Nicklas Backstrom wins face-off versus Casey Cizikas in ARIZONA Coyotes zone.
11:28 of 3rd period - Shot by Nicklas Backstrom.
11:28 of 3rd period - Stopped by Mike Smith without a rebound.
11:29 of 3rd period - Mikko Koivu wins face-off versus Trevor Lewis in COLUMBUS Blue Jackets zone.
12:38 of 3rd period - Shot by Mark Scheifele.
12:38 of 3rd period - Stopped by Mike Smith with a rebound.
12:46 of 3rd period - Shot by Mark Scheifele.
12:46 of 3rd period - Stopped by Mike Smith with a rebound.
12:48 of 3rd period - Shot by Erik Johnson.
12:48 of 3rd period - Deflect By Mark Scheifele.
12:48 of 3rd period - Stopped by Mike Smith without a rebound.
12:49 of 3rd period - Valtteri Filppula wins face-off versus Nicklas Backstrom in COLUMBUS Blue Jackets zone.
13:06 of 3rd period - Nicklas Backstrom is hit by Loui Eriksson and loses puck.
13:08 of 3rd period - Minor Penalty to Michael Frolik for Interference.
13:09 of 3rd period - Casey Cizikas wins face-off versus Mark Scheifele in COLUMBUS Blue Jackets zone.
13:15 of 3rd period - Icing by Ryan Nugent-Hopkins.
13:16 of 3rd period - Mark Scheifele wins face-off versus Casey Cizikas in ARIZONA Coyotes zone.
13:23 of 3rd period - Shot by Ryan Nugent-Hopkins.
13:23 of 3rd period - Shot Misses the Net.
13:25 of 3rd period - Shot by Mark Scheifele.
13:25 of 3rd period - Deflect By Auston Matthews.
13:25 of 3rd period - Shot Misses the Net.
13:27 of 3rd period - Shot by Mark Scheifele.
13:27 of 3rd period - Shot Misses the Net.
13:33 of 3rd period - Shot by Auston Matthews.
13:33 of 3rd period - Shot Misses the Net.
13:35 of 3rd period - Shot by Erik Johnson.
13:35 of 3rd period - Stopped by Mike Smith without a rebound.
13:36 of 3rd period - Nicklas Backstrom wins face-off versus Casey Cizikas in COLUMBUS Blue Jackets zone.
14:08 of 3rd period - Shot by Nicklas Backstrom.
14:08 of 3rd period - Shot Hit the Post.
14:10 of 3rd period - Shot by Deryk Engelland.
14:10 of 3rd period - Shot Misses the Net.
14:12 of 3rd period - Shot by Deryk Engelland.
14:12 of 3rd period - Stopped by Mike Smith with a rebound.
14:14 of 3rd period - Shot by Mikko Koivu.
14:14 of 3rd period - Stopped by Mike Smith without a rebound.
14:15 of 3rd period - Mark Scheifele wins face-off versus Zemgus Girgensons in COLUMBUS Blue Jackets zone.
14:24 of 3rd period - Shot by Mark Scheifele.
14:24 of 3rd period - Deflect By Auston Matthews.
14:24 of 3rd period - Stopped by Mike Smith without a rebound.
14:25 of 3rd period - Zemgus Girgensons wins face-off versus Mark Scheifele in COLUMBUS Blue Jackets zone.
14:54 of 3rd period - Shot by Mark Scheifele.
14:54 of 3rd period - Deflect By Auston Matthews.
14:54 of 3rd period - Shot Misses the Net.
14:56 of 3rd period - Shot by Erik Johnson.
14:56 of 3rd period - Deflect By Auston Matthews.
14:56 of 3rd period - Stopped by Mike Smith without a rebound.
14:57 of 3rd period - Nicklas Backstrom wins face-off versus Zemgus Girgensons in COLUMBUS Blue Jackets zone.
15:23 of 3rd period - Richard Panik is hit by Nikita Zaitsev and loses puck.
15:26 of 3rd period - Shot by Artturi Lehkonen.
15:26 of 3rd period - Shot Blocked by Nikita Zaitsev.
15:35 of 3rd period - Richard Panik is hit by Nikita Zaitsev.
15:41 of 3rd period - Shot by Jori Lehtera.
15:41 of 3rd period - Shot Misses the Net.
16:02 of 3rd period - Andrew Copp is hit by Joel Edmundson.
16:39 of 3rd period - Shot by Sam Reinhart.
16:39 of 3rd period - Shot Blocked by Joel Edmundson.
18:04 of 3rd period - Shot by Mikko Koivu.
18:04 of 3rd period - Shot Blocked by Olli Maatta.
18:59 of 3rd period - Richard Panik is hit by Nikita Zaitsev and loses puck.
19:53 of 3rd period - Icing by Calvin de Haan.
19:54 of 3rd period - Travis Konecny wins face-off versus Trevor Lewis in COLUMBUS Blue Jackets zone.
Goals for this period are 0 for COLUMBUS Blue Jackets vs 0 for ARIZONA Coyotes.
Shots for this period are 8 for COLUMBUS Blue Jackets vs 15 for ARIZONA Coyotes.